 Dungeon Crawl Stone Soup version 0.30.1-11-g7821555f0a (webtiles) character file.

Game seed: 10727666544385259939

5 ChrisAssaf the Magician (level 1, -2/15 HPs)
             Began as a Djinni Necromancer on Dec 31, 2023.
             Shot with a sling bullet by a kobold (3 damage)
             ... on level 1 of the Dungeon.
             The game lasted 00:00:48 (129 turns).

ChrisAssaf the Magician (Djinni Necromancer)         Turns: 129, Time: 00:00:48

Health: -2/15      AC:  3    Str:  7    XL:     1   Next: 88%
Gold:   0          EV: 12    Int: 16    God:
                   SH:  0    Dex: 13

rFire   + + .        (no weapon)
rCold   x . .        (no shield)
rNeg    . . .        a - +1 robe
rPois   ∞            (no helmet)
rElec   .            (no cloak)
rCorr   .            (no gloves)
SInv    .            (boots unavailable)
Will    .....        (no amulet)
Stlth   ++           (no ring)
HPRegen 0.22/turn    (no ring)
MPRegen 0.00/turn

%: infuse magic (-3 HP)
@: brilliant, flying
A: sickness immunity, fire resistance 2, cold vulnerability 1, float, innate
caster, HP casting, extra vitality 1
a: no special abilities


You were on level 1 of the Dungeon.
You visited 1 branch of the dungeon, and saw 1 of its levels.

Inventory:

Armour
 a - a +1 robe (worn)


   Skills:
 * Level 2.2 Dodging
 * Level 1.5 Stealth
 * Level 3.4 Spellcasting


You knew the following spells:

 Your Spells              Type           Power      Damage    Failure   Level
a - Necrotise             Necr           80%        1d8       4%          1
b - Vampiric Draining     Necr           20%        2d7       13%         3
c - Animate Dead          Necr           20%        N/A       41%         4
d - Agony                 Necr           20%        N/A       77%         5
Your spell library was empty.

Dungeon Overview and Level Annotations

Branches:
Dungeon (1/15)

Altars:


Innate Abilities, Weirdness & Mutations

You are immune to sickness and miasma.
You are immune to poison.
Your flesh is very heat resistant. (rF++)
You are vulnerable to cold. (rC-)
You float through the air rather than walking.
You learn spells naturally, not from books.
Your magical power is your life essence.
You have superior vitality. (+4 MHP)


Message History

The dart slug launches a dart at you.
The slug dart hits your goblin skeleton.
What are your orders? t - Shout!
Orders for allies: a - Attack new target. r - Retreat! s - Stop attacking. g - Guard the area. f - Follow me.
Anything else - Cancel.
Gang up on whom?
Press: ? - help, Dir - move target, f - quokka
Aim: a quokka Attack!
The quokka bites you.
Your kobold skeleton misses the quokka.
The goblin barely misses you.
The kobold shoots a sling bullet.
The sling bullet hits your goblin skeleton.
Your goblin skeleton is destroyed!
It was a potion of brilliance.
You feel clever all of a sudden. The quokka bites you.
* * * LOW HITPOINT WARNING * * *
The dart slug launches a dart at you.
The slug dart hits your kobold skeleton.
The quokka bites you.
* * * LOW HITPOINT WARNING * * *
The goblin completely misses you. The goblin attacks as you move away!
The goblin closely misses you. The quokka attacks as you move away!
The quokka bites you but does no damage.
Your kobold skeleton hits the dart slug.
Your kobold skeleton hits the dart slug but does no damage.
Aiming: Necrotise (safe; 4% risk of failure)
Press: ? - help, Q - select action Shift-Dir - straight line, f/p - quokka
Aim: a quokka (chance to affect: 89%)
You feel a surge of power!
The quokka writhes in agony!
You kill the quokka!
* * * LOW HITPOINT WARNING * * *
The dead are hopping!
A giant cockroach comes into view.
Your kobold skeleton hits the dart slug.
The kobold shoots a sling bullet.
The sling bullet hits you.
You die...

#.....#.....<#.#......#
#.....################# ###..
#....##.#### #... .....
##........... ...# ....#
#...#.##.#### ... .....
#....)##.##### ..##...
##...........### ....#
##.#...####...#######...#####
#..#.###....Z@.Kgw.).........
#........########.BZ..#.##...
#.#...#### #.###...#
#.#.#...... .... .....#
#.####### #.###........ #.#
#.. ......... #.# #..
#....##.. #.# #.# #....# .#
#.#


You could see a dart slug (ally target), a giant cockroach (distracted), a
goblin, a kobold (ally target), a friendly quokka skeleton and a friendly kobold
skeleton.

Vanquished Creatures
  An endoplasm (D:1)
  A quokka (D:1)
  2 goblins (D:1)
  A kobold (D:1)
5 creatures vanquished.

Vanquished Creatures (collateral kills)
  An endoplasm (D:1)
1 creature vanquished.

Grand Total: 6 creatures vanquished

Notes
Turn   | Place    | Note
-------+----------+-------------------------------------------
     0 | D:1      | ChrisAssaf the Djinni Necromancer began the quest for the
                  | Orb.
     0 | D:1      | ChrisAssaf set off with the following spells memorised:
                  | Necrotise, Vampiric Draining, Animate Dead, Agony.
     0 | D:1      | Reached XP level 1. HP: 15/15 MP: 0/0
   129 | D:1      | Shot with a sling bullet by a kobold

Illustrated notes

Levels and vault maps discovered:
D:1:      onia_arrival_mini_maze, layout_rooms, shapermc_ecumenical_altar_gd,
          minmay_misc_feat_enclosed

Action                     || total
---------------------------++-------
  Melee: Unarmed           ||     2
   Cast: Necrotise         ||    10
    Use: Scroll            ||     2
         Potion            ||     1
 Armour: Robe              ||     2
  Dodge: Dodged            ||     7
